 Dungeon Crawl Stone Soup version 0.29-a0-575-g0dc89cf053 (webtiles) character file.

Game seed: 4753047003650136869

512 xian the Covered (level 7, -2/43 HPs)
             Began as a Gargoyle Fighter on June 12, 2022.
             Slain by a wight
             ... wielding a +2 halberd
              (10 damage)
             ... on level 7 of the Dungeon.
             The game lasted 00:10:27 (3693 turns).

xian the Covered (Gargoyle Fighter)                 Turns: 3693, Time: 00:10:28

Health: -2/43      AC: 20    Str: 22    XL:     7   Next: 19%
Magic:  7/7        EV:  7    Int: 11    God:
Gold:   209        SH:  0    Dex:  9    Spells: 6/6 levels left

rFire   . . .      SeeInvis .   q - +2 short sword (drain)
rCold   . . .      Faith    .   e - orb {*Rage}
rNeg    + . .      Spirit   .   s - +0 plate armour
rPois   ∞          Reflect  .   l - +1 helmet {Int+3}
rElec   +          Harm     .   (no cloak)
rCorr   .          Rampage  .   h - +0 pair of gloves
Will    .....      Rage     20% (no boots)
Stlth   ..........              (no amulet)
HPRegen 0.14/turn               (no ring)
MPRegen 0.10/turn               (no ring)

@: mighty
A: sickness immunity, AC +4, negative energy resistance 1, electricity
resistance, torment resistance 1, petrification resistance
a: no special abilities


You were on level 7 of the Dungeon.
You visited 1 branch of the dungeon, and saw 5 of its levels.

You collected 209 gold pieces.

Inventory:

Hand Weapons
 q - a +2 short sword of draining (weapon)
Missiles
 i - 2 javelins
 r - 10 poisoned darts (quivered)
Armour
 c - a +0 buckler
 e - an orb of wrath (worn)
 h - a +0 pair of gloves (worn)
 l - a +1 helmet of intelligence (worn)
 s - a +0 plate armour (worn)
Jewellery
 a - a ring of protection from fire
 f - a ring of ice
Wands
 m - a wand of flame (19)
Scrolls
 k - 2 scrolls of blinking
 n - a scroll of identify
 o - 4 scrolls of teleportation
 p - a scroll of acquirement {unknown}
 t - a scroll of enchant armour
Potions
 b - a potion of magic
 d - a potion of might
 g - 2 potions of heal wounds
 j - a potion of haste


   Skills:
 + Level 4.0 Fighting
 + Level 2.1 Short Blades
 + Level 3.7 Maces & Flails
 + Level 0.9 Throwing
 + Level 5.1 Armour
 + Level 1.5 Dodging
 + Level 0.6 Stealth
 + Level 4.7 Shields


You had 6 spell levels left.
You didn't know any spells.
Your spell library contained the following spells:

 Spells                   Type           Power      Damage    Failure   Level
 Apportation              Tloc           0%         N/A       100%        1
 Necrotize                Necr           0%         1d4       100%        1
 Summon Small Mammal      Summ           0%         N/A       100%        1
 Gell's Gravitas          Tloc           0%         N/A       100%        3
 Lesser Beckoning         Tloc           0%         N/A       100%        3
 Teleport Other           Tloc           0%         N/A       100%        3


Dungeon Overview and Level Annotations

Branches:
Dungeon (4/15)
 Temple: D:4-7

Altars:
Cheibriados
Okawaru
Uskayaw
Vehumet

Annotations:
D:4 1 runed translucent door


Innate Abilities, Weirdness & Mutations

You are immune to sickness and miasma.
Your stone body is resilient. (AC +4)
You are immune to poison.
You resist negative energy. (rN+)
You are resistant to electric shocks. (rElec)
You are resistant to unholy torment.
You are immune to petrification.


Message History

You hit the wight but do no damage. The wight barely misses you.
The wight attacks as you move away! The wight closely misses you.
The wight hits you but does no damage.
A wight comes into view. It is wielding a +1 vorpal spear.
The wight hits you but does no damage.
You feel yourself speed up.
You feel very mighty all of a sudden. The wight hits you but does no damage.
You puncture the wight!
The wight is heavily damaged.
The wight hits you with a +0 morningstar.
You puncture the wight!
You destroy the wight!
The wight throws a boomerang.
The boomerang hits you.
The wight hits you from afar with a +2 halberd!
The wight hits you with a +3 scimitar!
Things that are here:
a +0 morningstar; a +0 robe; 10 gold pieces You closely miss the wight.
You recover from your berserk rage.
The wight hits you from afar with a +2 halberd.
* * * LOW HITPOINT WARNING * * *
The wight barely misses you.
You hit the wight.
The wight is lightly damaged.
The wight completely misses you. The wight hits you but does no damage.
You completely miss the wight.
The wight is lightly damaged.
The wight hits you but does no damage. The wight hits you with a +3 scimitar.
* * * LOW HITPOINT WARNING * * *
You closely miss the wight.
The wight is lightly damaged.
The wight barely misses you. x2
You hit the wight.
The wight is moderately damaged.
The wight hits you but does no damage. The wight closely misses you.
You puncture the wight!
The wight is almost destroyed.
The wight hits you from afar with a +2 halberd!
You die...

#. #.# # #. #†#
#.#. #.# .#.### #.#
....# #.# ##. #.#.#
#.# #z..##.#.## #.#
#.......#######.#
....#.......zzz@..#
. #.#...#########
#.##.## . >..#
##.#### #


You could see 3 wights.

Vanquished Creatures
  An ice beast (D:7)
  A phantom (D:4)
  A scorpion (D:4)
  A bullfrog (D:7)
  A wight (D:7)
  An iguana (D:7)
  An orc wizard (D:3)
  Robin (D:3)
  2 adders (D:2)
  A dart slug (D:3)
  6 orcs (D:3)
  6 endoplasms
  6 giant cockroaches
  11 hobgoblins
  3 jackals (D:2)
  4 kobolds
  4 quokkas
  6 ball pythons
  2 bats
  3 frilled lizards
  13 goblins
  4 rats
79 creatures vanquished.

Vanquished Creatures (others)
  2 plants
2 creatures vanquished.

Grand Total: 81 creatures vanquished

Notes
Turn   | Place    | Note
-------+----------+-------------------------------------------
     0 | D:1      | xian the Gargoyle Fighter began the quest for the Orb.
     0 | D:1      | Reached XP level 1. HP: 14/14 MP: 1/1
   163 | D:1      | Reached XP level 2. HP: 5/19 MP: 2/2
   400 | D:1      | Found a faded altar of an unknown god.
   961 | D:1      | Reached XP level 3. HP: 23/23 MP: 3/3
  1637 | D:2      | Reached XP level 4. HP: 19/28 MP: 4/4
  1752 | D:2      | Reached skill level 1 in Dodging
  2542 | D:3      | Noticed Robin
  2555 | D:3      | Killed Robin
  2556 | D:3      | Reached skill level 4 in Armour
  2761 | D:3      | Found an iron altar of Okawaru.
  2995 | D:3      | Reached XP level 5. HP: 26/33 MP: 5/5
  3247 | D:4      | Noticed a phantom
  3261 | D:4      | Killed a phantom
  3262 | D:4      | Reached skill level 1 in Short Blades
  3307 | D:4      | Found a radiant altar of Vehumet.
  3351 | D:4      | Found a hide-covered altar of Uskayaw.
  3357 | D:4      | Found a runed translucent door.
  3363 | D:4      | Reached XP level 6. HP: 38/38 MP: 6/6
  3395 | D:4      | You fall into a shaft and drop 3 floors!
  3403 | D:7      | Found a snail-covered altar of Cheibriados.
  3635 | D:7      | Noticed an ice beast
  3657 | D:7      | Killed an ice beast
  3658 | D:7      | Reached skill level 5 in Armour
  3658 | D:7      | Reached XP level 7. HP: 43/43 MP: 7/7
  3693 | D:7      | Slain by a wight

Illustrated notes

Levels and vault maps discovered:
D:1:      nicolae_arrival_memento_mori, layout_basic, serial_forest,
          infiniplex_forest_lined_room_2, infiniplex_forest_clump_cross,
          infiniplex_forest_clump_small, infiniplex_forest_clump_small,
          infiniplex_forest_end_1, infiniplex_forest_clump_medium,
          infiniplex_forest_lined_room_2, ebering_ecumenical_altar_box,
          grunt_decor_clamped
D:2:      layout_loops_ring, st_stairs_3, hangedman_decor_slide_cut,
          grunt_decor_cap, grunt_decor_mini_mirrors, supply_closet_lemuel
D:3:      layout_basic, okawaru_gym_becter, uniq_robin
D:4:      layout_cave_pods, mainiacjoe_overflow_cross_hatched,
          mainiacjoe_overflow_alcove_2, overflow_temple_1_default,
          minmay_temple_entry_enclosed_plants, ebering_ghost_sewer_d, uniq_pikel
D:7:      layout_loops_ring, mainiacjoe_overflow_chevrons

Skill      XL: |  1  2  3  4  5  6 |
---------------+-------------------+-----
Dodging        | 1 |  1.5
Maces & Flails | 3 |  3.7
Shields        | 4 |  4.7
Armour         | 4 5 |  5.1
Short Blades   | 1 2 |  2.1
Fighting       | 4 |  4.0
Throwing       | |  0.9
Stealth        | |  0.6

Action                   |  1- 3 |  4- 6 |  7- 9 || total
-------------------------+-------+-------+-------++-------
Melee: Flail             |   143 |    30 |       ||   173
       Short sword       |       |    97 |     9 ||   106
Throw: Dart              |       |     5 |       ||     5
       Javelin           |       |     5 |       ||     5
  Use: Scroll            |       |     7 |       ||     7
       Potion            |       |     1 |     1 ||     2
Armor: Scale mail        |   103 |    37 |       ||   140
       Plate armour      |       |    48 |     7 ||    55
Dodge: Dodged            |    85 |    50 |     8 ||   143
Block: Buckler           |    44 |    19 |       ||    63

Table legend: (Time is in decaauts)
 A = Elapsed time spent in this place.
 B = Non-inter-level travel time spent in this place.
 C = Inter-level travel time spent in this place.
 D = Time resting spent in this place.
 E = Time spent auto-exploring this place.
 F = Levels seen in this place.
 G = Mean time per level.
                   A        B        C        D        E       F      G
               +--------+--------+--------+--------+--------+-----+--------+
         Total |   3794 |   3722 |     72 |     39 |   2582 |   5 |  758.8 |
       Dungeon |   3794 |   3722 |     72 |     39 |   2582 |   5 |  758.8 |
               +--------+--------+--------+--------+--------+-----+--------+

Top non-repeatable levels by time:
     D:1: 1366 daAuts
     D:2: 1029 daAuts
     D:3: 887 daAuts
     D:7: 325 daAuts
     D:4: 185 daAuts
